 Dungeon Crawl Stone Soup version 0.28-a0-519-gbfeecf2fc5 (webtiles) character file.

Game seed: 17408005700760435732

1831 frimble the Stinger (level 8, -7/60 HPs)
             Began as a Demonspawn Venom Mage on Sept 24, 2021.
             Mangled by a two-headed ogre (26 damage)
             ... on level 7 of the Dungeon.
             The game lasted 00:18:40 (14037 turns).

frimble the Stinger (Demonspawn Venom Mage)        Turns: 14037, Time: 00:18:40

Health: -7/60      AC:  5    Str: 10    XL:     8   Next: 86%
Magic:  0/14       EV: 11    Int: 18    God:
Gold:   285        SH:  0    Dex: 13    Spells: 8/15 levels left

rFire   . . .      SeeInvis .   f - +0 short sword
rCold   . . .      Faith    .   (no shield)
rNeg    + . .      Spirit   +   b - +0 leather armour
rPois   +          Reflect  .   (no helmet)
rElec   .          Harm     .   k - +1 cloak
rCorr   .          Rampage  .   (no gloves)
Will    .....                   (no boots)
Stlth   ++........              j - amulet of guardian spirit
HPRegen 0.20/turn               m - ring of poison resistance
MPRegen 0.14/turn               u - ring of positive energy

@: mighty
A: hooves 1, powered by pain 1
a: no special abilities


You were on level 7 of the Dungeon.
You visited 1 branch of the dungeon, and saw 8 of its levels.

You collected 285 gold pieces.

Inventory:

Hand Weapons
 f - a +0 short sword (weapon)
Missiles
 i - 2 curare-tipped darts
Armour
 b - a +0 leather armour (worn)
 k - a +1 cloak (worn)
Jewellery
 c - a ring of see invisible
 e - a ring of resist corrosion
 g - a ring of protection from cold
 j - an amulet of guardian spirit (around neck)
 m - a ring of poison resistance (left hand)
 r - a ring of wizardry
 s - a ring of fire
 u - a ring of positive energy (right hand)
Wands
 o - a wand of digging (7)
Scrolls
 w - a scroll of immolation
Potions
 a - a potion of cancellation
 d - a potion of ambrosia
 h - a potion of invisibility
 l - a potion of flight {unknown}
 n - 2 potions of mutation {unknown}
 p - a potion of might {unknown}
 q - a potion of heal wounds
 t - 2 potions of curing
 v - a potion of haste


   Skills:
 - Level 4.0 Fighting
 + Level 5.9 Short Blades
 - Level 2.0 Armour
 - Level 2.0 Dodging
 - Level 2.0 Stealth
 + Level 4.1 Spellcasting
 - Level 1.2 Transmutations
 + Level 7.3 Poison Magic


You had 8 spell levels left.
You knew the following spells:

 Your Spells              Type           Power      Damage    Failure   Level
a - Sting                 Tmut/Pois      76%        1d6       3%          1
b - Olgreb's Toxic Radia  Pois           30%        N/A       10%         4
c - Passwall              Tmut/Erth      4%         N/A       22%         2

Your spell library contained the following spells:

 Spells                   Type           Power      Damage    Failure   Level
 Poisonous Vapours        Pois/Air       32%        N/A       6%          2
 Sandblast                Erth           6%         2d5       19%         1
 Summon Small Mammal      Summ           12%        N/A       19%         1
 Mephitic Cloud           Conj/Pois/Air  12%        N/A       22%         3
 Blink                    Tloc           N/A        N/A       28%         2
 Ensorcelled Hibernation  Hex/Ice        6%         N/A       28%         2
 Call Canine Familiar     Summ           3%         N/A       50%         3
 Dazzling Flash           Conj/Hex       6%         N/A       50%         3
 Lesser Beckoning         Tloc           3%         N/A       50%         3
 Stone Arrow              Conj/Erth      6%         3d7       50%         3
 Summon Guardian Golem    Hex/Summ       3%         N/A       50%         3
 Tukima's Dance           Hex            3%         N/A       50%         3
 Iskenderun's Mystic Bla  Conj/Tloc      3%         2d3       88%         4
 Manifold Assault         Tloc           3%         N/A       99%         5
 Conjure Ball Lightning   Conj/Air       1%         3x3d6     100%        6
 Starburst                Conj/Fire      1%         6d3       100%        6
 Discord                  Hex            1%         N/A       100%        8
 Disjunction              Tloc           1%         N/A       100%        8


Dungeon Overview and Level Annotations

Branches:
Dungeon (8/15)             Temple (0/1) D:4
   Lair: D:8-11

Altars:
Gozag
Ru
Vehumet
Yredelemnul

Shops:
D:4 **

Annotations:
D:7 Pikel


Innate Abilities, Weirdness & Mutations

You have large cloven feet.
You sometimes gain a little power by taking damage.


Message History

The two-headed ogre hits you with a +0 giant club.
You climb upwards.
There is a stone staircase leading down here.
The centaur barely misses you.
The centaur kicks you but does no damage.
The bullfrog hits you but does no damage.
The centaur closely misses you. The centaur completely misses you.
The bullfrog hits you. The centaur hits you.
The centaur kicks you but does no damage.
The bullfrog hits you but does no damage.
The centaur wields a +0 shortbow.
The centaur shoots an arrow.
The arrow misses you.
Casting: Sting (safe; 3% risk of failure)
Confirm with . or Enter, or press ? or * to list all spells.
You begin to radiate toxic energy.
The two-headed ogre is poisoned.
The centaur is poisoned.
The bullfrog is poisoned.
The lemure is poisoned.
Pikel is poisoned.
The two-headed ogre looks even sicker.
The centaur looks even sicker.
The lemure looks even sicker.
The bullfrog hits you.
* * * LOW HITPOINT WARNING * * *
Unknown command.
Unknown command.
Unknown command.
Unknown command.
The two-headed ogre looks even sicker.
Your toxic aura wanes.
Casting: Olgreb's Toxic Radiance (dangerous; 10% risk of failure)
Confirm with . or Enter, or press ? or * to list all spells.
You don't have enough magic to cast this spell.
The bullfrog looks more healthy.
Okay, then.
Really read the scroll of immolation?
As you read the scroll of immolation, it crumbles to dust.
The creatures around you are filled with an inner flame!
Unknown command.
Flame seeps out of the two-headed ogre.
Flame seeps out of Pikel.
The two-headed ogre is engulfed in blazing flames.
Flame seeps out of the two-headed ogre.
The two-headed ogre hits you with a +0 giant club!!
You die...

##.###........####..
##.#.##c#.....## #..
#.#....5K.....###
#..
##.c.##.#.......#
#.. ##K###......##.#
#.. #.#
####.#.##)###.. #F#
#.#.##......
#O######...........
#.@....###.#...###.
######.# #.........
#.#####...###.
#......<......
########.#####
#...... #######


You could see a two-headed ogre (inner flame, very poisoned), Pikel (inner
flame, poisoned), a bullfrog (inner flame) and a centaur (poisoned).

Vanquished Creatures
  Grinder (D:4)
  2 sky beasts (D:6)
  A hornet zombie (D:5)
  An orc warrior (D:6)
  A black bear (D:5)
  A necrophage (D:5)
  2 ogres (D:5)
  A scorpion (D:4)
  A wyvern zombie (D:6)
  A vampire bat (D:7)
  2 bullfrog zombies (D:6)
  A bullfrog skeleton (D:6)
  A centaur skeleton (D:7)
  2 hounds
  2 orc priests
  Jessica (D:3)
  3 iguanas
  5 orc wizards
  14 adders
  2 shadow imps
  A white imp (D:6)
  An ufetubus (D:4)
  3 worms
  3 dart slugs
  26 orcs
  4 endoplasms
  5 giant cockroaches
  7 goblins
  5 hobgoblins
  2 jackals (D:2)
  5 quokkas
  14 ball pythons
  13 bats
  2 frilled lizards
  9 kobolds
  3 rats
148 creatures vanquished.

Vanquished Creatures (others)
  3 withered plants (D:3)
3 creatures vanquished.

Grand Total: 151 creatures vanquished

Notes
Turn   | Place    | Note
-------+----------+-------------------------------------------
     0 | D:1      | frimble the Demonspawn Venom Mage began the quest for the
                  | Orb.
     0 | D:1      | Reached XP level 1. HP: 13/13 MP: 3/3
    12 | D:1      | Reached skill level 1 in Transmutations
   846 | D:1      | Gained mutation: You have large cloven feet. [demonic
                  | ancestry]
   846 | D:1      | Reached XP level 2. HP: 4/19 MP: 1/5
  2207 | D:2      | Reached skill level 1 in Short Blades
  2207 | D:2      | Reached XP level 3. HP: 11/24 MP: 0/6
  2758 | D:2      | Reached XP level 4. HP: 11/30 MP: 1/7
  2782 | D:2      | Reached skill level 4 in Poison Magic
  3860 | D:3      | Learned a level 4 spell: Olgreb's Toxic Radiance
  3963 | D:2      | Reached XP level 5. HP: 19/35 MP: 2/8
  3968 | D:2      | Reached skill level 1 in Armour
  5674 | D:3      | Noticed Jessica
  5685 | D:3      | Killed Jessica
  6114 | D:3      | Found a faded altar of an unknown god.
  6266 | D:3      | Gained mutation: You sometimes gain a little power by
                  | taking damage. [demonic ancestry]
  6266 | D:3      | Reached XP level 6. HP: 3/41 MP: 6/10
  6687 | D:3      | Found a basalt altar of Yredelemnul.
  6787 | D:4      | Noticed Grinder
  6832 | D:4      | Found Laiph's Lightly-Used Armoury.
  6842 | D:4      | Identified the +3 falchion "Liminutz" {chaos, Will+ MP-9
                  | Str+4}
  7556 | D:4      | Found a staircase to the Ecumenical Temple.
  7635 | D:4      | Reached skill level 5 in Poison Magic
  7697 | D:5      | Entered Level 5 of the Dungeon
  7911 | D:4      | Reached XP level 7. HP: 19/46 MP: 0/11
  8103 | D:4      | Found Koaplyrr's Elemental Accessories.
  9332 | D:5      | Reached skill level 1 in Fighting
 10048 | D:6      | Reached skill level 6 in Poison Magic
 10681 | D:6      | Reached XP level 8. HP: 52/57 MP: 11/13
 11287 | D:5      | Reached skill level 5 in Short Blades
 11591 | D:5      | Learned a level 2 spell: Passwall
 12801 | D:7      | Reached skill level 7 in Poison Magic
 13085 | D:7      | Found a radiant altar of Vehumet.
 13089 | D:7      | Found a sacrificial altar of Ru.
 13093 | D:7      | Found an opulent altar of Gozag.
 13586 | D:8      | Noticed Pikel
 13586 | D:8      | Noticed a two-headed ogre
 13657 | D:4      | Killed Grinder
 14037 | D:7      | Mangled by a two-headed ogre

Illustrated notes

Levels and vault maps discovered:
D:1:      minmay_arrival_radiant_lines, layout_basic, feat_on_display
D:2:      minmay_general_purpose_star, layout_basic, minmay_misc_feat_room
D:3:      layout_loops_ring, yredelemnul_altar_generic, serial_rivers,
          chequers_serial_rivers_micro_c, chequers_serial_rivers_room_a,
          chequers_serial_rivers_small_b, chequers_serial_rivers_large_a,
          hellmonk_ecumenical_altar_blasted, minmay_snake_closets, uniq_jessica
D:4:      layout_loops_ring, minmay_temple_entry_arrows, serial_bayou_pond_a,
          nicolae_elemental_shop, minmay_curled_crystal, minmay_shop_damaged,
          uniq_grinder
D:5:      layout_cave_pools, serial_column_ruins, column_ruins_grid_1,
          column_ruins_open_small, column_ruins_grid_1
D:6:      layout_loops_ring, minmay_misc_feat_enclosed, st_stairs_10,
          hangedman_abyss_or_decor_lesser_grid
D:7:      layout_loops_ring, grunt_temple_overflow_diamond, roderic_batcave
D:8:      nzn_winding_woodlands_small [nzn_winding_woodlands_5x15_parted,
          nzn_winding_woodlands_center_lodge,
          nzn_winding_woodlands_5x15_river_crossing], layout_rooms,
          lair_entry_dummy, serial_shops, nicolae_shop_crystal, uniq_pikel

Skill      XL: |  1  2  3  4  5  6  7  8 |
---------------+-------------------------+-----
Transmutations | 1 |  1.2
Stealth        | 2 |  2.0
Dodging        | 2 |  2.0
Short Blades   | 1 2 3 4 5 |  5.9
Poison Magic   | 4 5 6 7 |  7.3
Armour         | 1 2 |  2.0
Spellcasting   | 3 4 |  4.1
Fighting       | 2 4 |  4.0

Action                   |  1- 3 |  4- 6 |  7- 9 || total
-------------------------+-------+-------+-------++-------
Melee: Unarmed           |    14 |       |       ||    14
       Short sword       |    65 |   222 |   240 ||   527
       Kick              |    10 |    36 |    59 ||   105
 Cast: Sting             |    37 |   124 |    89 ||   250
       Olgreb's Toxic Ra |       |       |     4 ||     4
  Use: Potion            |     2 |     4 |     1 ||     7
       Scroll            |     2 |     1 |     8 ||    11
 Stab: Sleeping          |     4 |     5 |     2 ||    11
Armor: Robe              |    16 |       |       ||    16
       Leather armour    |    13 |    86 |   112 ||   211
Dodge: Dodged            |    86 |   202 |   191 ||   479

Table legend: (Time is in decaauts)
 A = Elapsed time spent in this place.
 B = Non-inter-level travel time spent in this place.
 C = Inter-level travel time spent in this place.
 D = Time resting spent in this place.
 E = Time spent auto-exploring this place.
 F = Levels seen in this place.
 G = Mean time per level.
                   A        B        C        D        E       F      G
               +--------+--------+--------+--------+--------+-----+--------+
         Total |  13978 |  13473 |    505 |   1266 |  10279 |   8 | 1747.2 |
       Dungeon |  13978 |  13473 |    505 |   1266 |  10279 |   8 | 1747.2 |
               +--------+--------+--------+--------+--------+-----+--------+

Top non-repeatable levels by time:
     D:3: 2836 daAuts
     D:1: 2362 daAuts
     D:4: 2114 daAuts
     D:6: 1902 daAuts
     D:7: 1709 daAuts
     D:2: 1630 daAuts
     D:5: 1418 daAuts
     D:8: 4 daAuts
